 Dungeon Crawl Stone Soup version 0.31-a0-1237-gabc64e778c (webtiles) character file.

Game seed: 14950980460635004904

14 olourkin the Covered (level 2, 23/23 HPs)
             Began as an Armataur Fighter on Dec 16, 2023.
             Quit the game on level 1 of the Dungeon.
             The game lasted 00:02:21 (306 turns).

olourkin the Covered (Armataur Fighter)              Turns: 306, Time: 00:02:22

Health: 23/23      AC:  8    Str: 21    XL:     2   Next: 27%
Magic:  2/2        EV:  5    Int:  8    God:
Gold:   27         SH:  4    Dex:  9    Spells: 1/1 levels left

rFire   . . .        a - +0 long sword
rCold   . . .        c - +0 buckler
rNeg    . . .        g - +0 chain mail
rPois   .            (no helmet)
rElec   .            (no cloak)
rCorr   .            (no gloves)
SInv    .            (no barding)
Will    .....        (no amulet) Stlth
                     (no ring)
HPRegen 0.23/turn    (no ring)
MPRegen 0.08/turn

%: roll
@: no status effects
A: large, deformed body, tough skin 3, armoured tail, roll 1, long tongue
a: no special abilities


You were on level 1 of the Dungeon.
You visited 1 branch of the dungeon, and saw 1 of its levels.

You collected 27 gold pieces.

Inventory:

Hand Weapons
 a - a +0 long sword (weapon)
Missiles
 f - 11 stones
Armour
 b - a +0 scale mail
 c - a +0 buckler (worn)
 g - a +0 chain mail (worn)
Scrolls
 e - a scroll of teleportation {unknown}
Potions
 d - a potion of might


   Skills:
 - Level 2.6 Fighting
 * Level 2.7 Long Blades
 - Level 3.6 Armour
 - Level 3.2 Shields


You had one spell level left.
You didn't know any spells.
Your spell library was empty.

Dungeon Overview and Level Annotations

Branches:
Dungeon (1/15)

Altars:


Innate Abilities, Weirdness & Mutations

Armour fits poorly on your strangely shaped body.
You have extremely tough skin. (AC +3)
You have a long armoured tail.
You roll when moving toward enemies. (Rampage)
Your long tongue fully drains potion bottles. (2x potion effects)


Message History

You kill the jackal!
You start resting.
HP restored.
Found a chain mail.
A kobold comes into view. It is wielding a +0 dagger.
Found 16 gold pieces.
The kobold shouts!
A rat comes into view.
The rat squeaks loudly.
You roll towards the kobold!
You closely miss the kobold. The kobold hits you but does no damage.
You hit the kobold.
You kill the kobold!
You hit the rat but do no damage. The rat bites you but does no damage.
You hit the rat.
You kill the rat!
Things that are here:
a +0 dagger; a rat corpse; a kobold corpse You see here a +0 chain mail.
g - a +0 chain mail You start removing your armour.
You continue taking off your +0 scale mail. x4
You finish taking off your +0 scale mail.
You start putting on your armour.
You continue putting on your +0 chain mail. x5
You finish putting on your +0 chain mail.
Things that are here:
a +0 dagger; a rat corpse; a kobold corpse You now have 27 gold pieces (gained 16).
A goblin comes into view. It is wielding a +0 dagger.
You roll towards the goblin!
You hit the goblin but do no damage. The goblin barely misses you.
You closely miss the goblin.
Your tail-slap misses the goblin.
The goblin hits you but does no damage.
You hit the goblin. You tail-slap the goblin.
You kill the goblin!
Found a robe.
Your movement speed is average.
Your attack delay is about 1.2.
Your damage rating with your +0 long sword is about 10 (Base 10 x 97% (Dex) x 109% (Skill)).
Are you sure you want to abandon this character and quit the game? (Confirm with "yes".)

##..........#.#........
.#..........#...#######
.#................#
.#.#.....#'##.##..#
.#.#.#####.#..##..# .
...# #..######## . ...#
#.......... . ...#
#.......... . ##.
#@......... .
#.......... .
...######## .....
###.##. ..[ .. ... ##
...


There were no monsters in sight!

Vanquished Creatures
  A ball python (D:1)
  An endoplasm (D:1)
  A goblin (D:1)
  4 jackals (D:1)
  A kobold (D:1)
  A bat (D:1)
  A frilled lizard (D:1)
  2 rats (D:1)
12 creatures vanquished.

Notes
Turn   | Place    | Note
-------+----------+-------------------------------------------
     0 | D:1      | olourkin the Armataur Fighter began the quest for the Orb.
     0 | D:1      | Reached XP level 1. HP: 17/17 MP: 1/1
   146 | D:1      | Reached XP level 2. HP: 6/23 MP: 2/2
   306 | D:1      | Quit the game

Illustrated notes

Levels and vault maps discovered:
D:1:      scummos_arrival_simple_fountains, layout_basic,
          shapermc_ecumenical_altar_mp_vishouse

Skill      XL: |  1 |
---------------+----+-----
Long Blades    | 2 |  2.7
Fighting       | |  2.6
Armour         | |  3.6
Shields        | |  3.2

Action                     || total
---------------------------++-------
  Melee: Long sword        ||    55
         Tailslap          ||     4
 Armour: Scale mail        ||    51
         Chain mail        ||     1
  Dodge: Dodged            ||    21
  Block: Buckler           ||    11

Table legend: (Time is in decaauts)
 A = Elapsed time spent in this place.
 B = Non-inter-level travel time spent in this place.
 C = Inter-level travel time spent in this place.
 D = Time resting spent in this place.
 E = Time spent auto-exploring this place.
 F = Levels seen in this place.
 G = Mean time per level.
                   A        B        C        D        E       F      G
               +--------+--------+--------+--------+--------+-----+--------+
         Total |    324 |    324 |      0 |     78 |    108 |   1 |  324.0 |
       Dungeon |    324 |    324 |      0 |     78 |    108 |   1 |  324.0 |
               +--------+--------+--------+--------+--------+-----+--------+

Top non-repeatable levels by time:
     D:1: 324 daAuts
